AoeStats
← mservett

Arena

507300561Analyzed
4v4 RM · 16d ago on Sep 17, 2026· 55m 5s· 8 players
Game mode
Random Map
Map size
Large (8 player)
Population
200
Speed
Normal
Resources
Standard
Victory
Conquest
Starting age
Dark Age
Ending age
Imperial Age
RankedLock teamsTeams togetherTeam positionsShared explorationLock speedFull tech treeHidden civsTurbo modeCheats
Victory
Defeat
🇨🇭 Malay · Switzerland
1141
+12
🇳🇱 Bohemians · Netherlands
1087
+14
🇩🇪 Spanish · Germany
1065
+15
🇨🇳 Cumans · China
990
+17
🇩🇪 Japanese · Germany
1056
-15
🇫🇷 Berbers · France
1043
-15
🇷🇴 Magyars · Romania
1027
-14
🇬🇧 Spanish · United Kingdom
1015
-14
T.Mücke_63
9:54 Feudal Age
13:30 Castle Age
11:49 Loom
12:26 Double-Bit Axe
12:39 Horse Collar
13:38 Town Watch
14:22 Bow Saw
19:11 Wheelbarrow
21:56 Heavy Plow
22:36 Fortified Wall
29:20 Imperial Age
26:58 Gold Mining
27:06 Fletching
28:23 Bodkin Arrow
29:41 Gold Shaft Mining
30:01 Town Watch
31:26 Two-Man Saw
32:56 Chemistry
32:50 Conscription
33:41 Bracer
34:29 Ballistics
35:01 Padded Archer Armor
35:17 Bloodlines
36:53 Scale Mail Armor
37:27 Forging
38:00 Pikeman
38:58 Chain Mail Armor
39:12 Gambesons
39:41 Stone Mining
43:22 Leather Archer Armor
43:32 Halberdier
45:15 Squires
45:00 Arson
45:47 Husbandry
47:11 Parthian Tactics
46:53 Thumb Ring
47:57 Ring Archer Armor
49:30 Plate Mail Armor
49:32 Heavy Cavalry Archer
52:26 Iron Casting
Vivine61
8:02 Loom
10:29 Feudal Age
15:55 Castle Age
16:52 Double-Bit Axe
16:49 Horse Collar
23:03 Fletching
25:16 Gold Mining
25:17 Stone Mining
26:29 Wheelbarrow
27:07 Bloodlines
27:15 Husbandry
32:49 Imperial Age
30:44 Ballistics
30:36 Forging
30:41 Scale Barding Armor
30:36 Padded Archer Armor
30:38 Bodkin Arrow
33:09 Chain Barding Armor
33:07 Leather Archer Armor
34:00 Bracer
34:20 Heavy Camel Rider
36:01 Gold Shaft Mining
35:49 Conscription
37:16 Illumination
36:41 Light Cavalry
37:35 Hussar
39:18 Iron Casting
39:49 Plate Barding Armor
39:53 Thumb Ring
43:08 Chemistry
mservett
3:43 Loom
11:27 Feudal Age
16:14 Castle Age
14:26 Horse Collar
17:00 Double-Bit Axe
17:17 Heavy Plow
23:06 Wheelbarrow
22:16 Town Watch
25:58 Hand Cart
27:49 Bow Saw
28:39 Town Patrol
29:32 Scale Barding Armor
29:31 Padded Archer Armor
29:27 Gold Mining
35:09 Imperial Age
33:40 Leather Archer Armor
33:46 Chain Barding Armor
34:40 Forging
35:59 Ballistics
36:59 Chemistry
36:20 Ballistics
35:56 Murder Holes
37:34 Plate Barding Armor
37:36 Iron Casting
37:26 Bloodlines
37:17 Husbandry
36:37 Cavalier
38:37 Conscription
40:58 Blast Furnace
40:38 Ring Archer Armor
42:41 Paladin
A Diet Coke Please
11:04 Feudal Age
10:16 Loom
12:53 Wheelbarrow
16:53 Castle Age
15:14 Double-Bit Axe
16:32 Horse Collar
17:16 Pikeman
26:23 Hand Cart
27:16 Bow Saw
27:40 Heavy Plow
28:09 Stone Mining
28:35 Gold Mining
31:00 Gold Shaft Mining
30:28 Town Watch
33:05 Scale Barding Armor
32:52 Fletching
33:03 Padded Archer Armor
33:47 Town Patrol
37:39 Imperial Age
35:41 Corvinian Army
37:58 Bodkin Arrow
38:18 Leather Archer Armor
38:24 Chain Barding Armor
38:05 Scale Mail Armor
37:48 Light Cavalry
38:39 Bloodlines
38:58 Parthian Tactics
37:56 Elite Skirmisher
38:54 Bracer
39:19 Ballistics
40:33 Halberdier
41:59 Hussar
45:29 Ring Archer Armor
45:35 Plate Barding Armor
Repl4y
11:43 Feudal Age
16:01 Castle Age
14:37 Horse Collar
14:57 Double-Bit Axe
15:48 Horse Collar
16:07 Loom
19:29 Bow Saw
21:52 Wheelbarrow
25:18 Heavy Plow
25:26 Gold Mining
25:28 Stone Mining
25:57 Hand Cart
26:51 Loom
30:31 Imperial Age
27:35 Pikeman
28:17 Squires
29:35 Gold Shaft Mining
29:36 Stone Shaft Mining
29:12 Scale Barding Armor
29:18 Forging
30:47 Husbandry
32:53 Chemistry
32:59 Iron Casting
32:16 Fletching
32:43 Masonry
32:18 Elite Battle Elephant
34:43 Blast Furnace
33:39 Bodkin Arrow
33:54 Siege Engineers
34:10 Ballistics
35:22 Bracer
35:22 Padded Archer Armor
35:07 Elite Skirmisher
35:54 Thumb Ring
36:40 Crop Rotation
37:00 Sanctity
36:55 Block Printing
37:24 Conscription
38:38 Leather Archer Armor
40:24 Guilds
40:45 Coinage
40:17 Caravan
41:40 Crossbowman
42:05 Elite Karambit Warrior
43:31 Arbalester
46:51 Thalassocracy
47:30 Light Cavalry
K_o_n_d_o_m
9:49 Feudal Age
15:45 Castle Age
13:59 Stone Mining
14:27 Horse Collar
15:52 Double-Bit Axe
17:00 Loom
21:12 Fletching
25:23 Heavy Plow
26:12 Bow Saw
28:49 Gold Mining
32:39 Imperial Age
32:18 Fortified Wall
32:30 Ballistics
36:02 Conscription
38:01 Padded Archer Armor
41:57 Elite Conquistador
43:33 Wheelbarrow
43:19 Leather Archer Armor
46:06 Husbandry
46:16 Bloodlines
47:29 Two-Man Saw
46:54 Hand Cart
48:52 Chemistry
48:11 Bodkin Arrow
48:06 Elite Skirmisher
51:15 Ring Archer Armor
MIB Asterix
11:03 Feudal Age
12:28 Loom
15:12 Castle Age
14:36 Double-Bit Axe
14:34 Horse Collar
16:31 Wheelbarrow
18:32 Bow Saw
28:11 Heavy Plow
31:56 Hand Cart
35:49 Chemistry
35:51 Wagenburg Tactics
38:07 Ballistics
42:08 Imperial Age
40:27 Padded Archer Armor
40:28 Town Watch
42:12 Houfnice
44:57 Siege Engineers
46:47 Leather Archer Armor
50:23 Ring Archer Armor
51:32 Fletching
55:30 Scale Mail Armor
55:41 Forging
54:53 Pikeman
55:34 Squires
55:19 Arson
心焰2
8:52 Feudal Age
9:37 Double-Bit Axe
9:38 Horse Collar
17:42 Wheelbarrow
19:26 Castle Age
18:24 Wheelbarrow
20:47 Bow Saw
20:40 Heavy Plow
23:23 Forging
24:08 Hand Cart
25:00 Gold Mining
26:49 Gold Shaft Mining
29:06 Imperial Age
27:03 Fletching
27:21 Scale Barding Armor
27:41 Bloodlines
27:27 Stone Mining
27:52 Loom
27:52 Town Watch
28:53 Chain Barding Armor
28:36 Padded Archer Armor
29:19 Iron Casting
28:39 Bodkin Arrow
28:49 Light Cavalry
29:27 Bodkin Arrow
29:47 Leather Archer Armor
29:33 Scale Mail Armor
29:56 Leather Archer Armor
30:31 Parthian Tactics
30:12 Thumb Ring
30:30 Ballistics
31:16 Chemistry
31:30 Conscription
31:50 Ring Archer Armor
32:23 Blast Furnace
31:44 Steppe Husbandry
32:08 Elite Kipchak
33:15 Hussar
34:55 Plate Barding Armor
52:28 Hoardings
51:55 Cuman Mercenaries
51:41 Cavalier
53:58 Paladin
Connection lost

Rejoining the realm…

Still unreachable

The connection could not be restored.

Session expired

The server has moved on; the page needs a fresh start.